 Dungeon Crawl Stone Soup version 0.19-a0-1201-gda63bca (webtiles) character file.

451 McCoppin the Covert (level 7, -5/45 HPs)
             Began as an Octopode Gladiator on Aug 21, 2016.
             Slain by an ogre
             ... wielding a +0 giant spiked club
              (26 damage)
             ... on level 4 of the Dungeon.
             The game lasted 00:09:58 (3002 turns).

McCoppin the Covert (Octopode Gladiator)            Turns: 3002, Time: 00:09:58

Health: -5/45      AC:  1    Str: 14    XL:     7   Next: 4%
Magic:  7/7        EV: 14    Int: 10    God:
Gold:   135        SH:  0    Dex: 15    Spells: 0 memorised, 6 levels left

rFire  + . .     SeeInvis .     a - +0 long sword
rCold  . . .     Gourm    .     (no shield)
rNeg   . . .     Faith    .     b - +0 hat
rPois  .         Spirit   .     (no amulet)
rElec  .         Dismiss  .     m - ring of protection from fire
rCorr  .         Reflect  .     q - ring of stealth
MR     .....     Harm     .     t - ring of fire
Stlth  ++++++....               u - ring of ice (curse)
                                (no ring)
                                (no ring)
                                (no ring)
                                (no ring)

@: no status effects
A: almost no armour, amphibious, 8 rings, constrict 8, camouflage 1, gelatinous
body 1
a: no special abilities


You were on level 4 of the Dungeon.
You were not hungry.

You visited 1 branch of the dungeon, and saw 4 of its levels.
You also visited: Sewer.

You collected 135 gold pieces.

Inventory:

Hand Weapons
 a - a +0 long sword (weapon)
Missiles
 c - 2 throwing nets (quivered)
Armour
 b - a +0 hat (worn)
Jewellery
 m - a ring of protection from fire (left tentacle)
 q - a ring of stealth (right tentacle)
 t - a ring of fire (on tentacle)
 u - a cursed ring of ice (on tentacle)
Scrolls
 e - 2 scrolls of remove curse {unknown}
 h - 3 scrolls of enchant armour {unknown}
 j - 2 scrolls of teleportation
 l - a scroll of amnesia
 n - a scroll of blinking
 o - a scroll of random uselessness
Potions
 f - 3 potions of lignification
 s - a potion of cancellation
 w - 2 potions of flight {unknown}
Comestibles
 d - 4 bread rations
 k - a meat ration
 r - a beef jerky


   Skills:
 - Level 2.0 Fighting
 + Level 4.9 Long Blades
 - Level 2.0 Throwing
 - Level 3.0 Dodging
 * Level 8.3 Stealth


You had 6 spell levels left.
You didn't know any spells.

Dungeon Overview and Level Annotations

Branches:
Dungeon (4/15)
 Temple: D:4-7

Altars:
Qazlal
Trog
Xom
Zin


Innate Abilities, Weirdness & Mutations

You cannot wear most types of armour.
You are amphibious.
You can wear up to eight rings at the same time.
You can use your tentacles to constrict eight enemies at once.
Your skin changes colour to match your surroundings (Stealth+).
Your rubbery body absorbs attacks. (AC +1, EV +1)


Message History

The ogre is lightly wounded.
The ogre struggles against the net.
You hit the ogre. You squeeze the ogre.
The ogre is moderately wounded.
The giant frog skeleton hits you.
The ogre struggles against the net.
The giant frog skeleton hits you.
The ogre struggles against the net.
You catch the helpless ogre completely off-guard!
You hit the ogre.
The ogre is moderately wounded.
The giant frog skeleton hits you. The orc completely misses you.
You riposte.
You barely miss the orc. You grab the orc.
You squeeze the orc, but do no damage.
The ogre struggles against the net.
The net rips apart, and the ogre comes free!
The giant frog skeleton hits you! The orc hits you with a whip.
You hit the ogre but do no damage. You squeeze the ogre.
The ogre is moderately wounded.
You constrict the orc. The giant frog skeleton hits you.
The ogre hits you with a giant spiked club!!
Ouch! That really hurt!
You die...

.# #..oo)........# # .#
#...#[####..#.###
.########## #####.#.#
##.#...# .........##.#
...#..#.## #......
.#######.##.###........#
####.## .##
.....#........## #.##
..#
#.#...)>......######.#.
#.#
#.##..oO...........#.#.
#.#
#.##.#@Z.##.#.####.....
#.# ##.##...#.##.#.#
###... #.#
#......##....#.. ###..
#.# #....### ##.####
#.... #.## ##...## #.#
.##.### #..## #....#
....... ##.(#####.#..#
##..### ##..#.......#
....## ##.........# #..#


You could see an ogre, an orc and a giant frog skeleton.

Vanquished Creatures
  A big kobold (Sewer)
  A giant frog (D:4)
  An orc priest (D:4)
  A hound (D:4)
  An orc wizard (D:4)
  A worker ant (D:4)
  8 adders
  4 river rats
  4 worms
  A dart slug (D:1)
  A giant gecko (D:3)
  7 orcs (D:4)
  5 giant cockroaches
  6 goblins
  10 hobgoblins
  4 jackals
  8 kobolds
  A quokka (D:3)
  10 bats
  2 giant newts
  12 rats
89 creatures vanquished.

Notes
Turn   | Place    | Note
-------+----------+-------------------------------------------
     0 | D:1      | McCoppin the Octopode Gladiator began the quest for the Orb.
     0 | D:1      | Reached XP level 1. HP: 14/14 MP: 1/1
    26 | D:1      | Reached skill level 1 in Stealth
   246 | D:1      | Reached skill level 2 in Stealth
   246 | D:1      | Reached XP level 2. HP: 19/19 MP: 2/2
   421 | D:1      | Reached skill level 3 in Stealth
   590 | D:1      | Reached XP level 3. HP: 24/24 MP: 3/3
   812 | D:2      | Reached skill level 4 in Stealth
   848 | D:2      | Reached XP level 4. HP: 20/29 MP: 4/4
  1660 | D:3      | Reached skill level 5 in Stealth
  1710 | D:3      | Found a bloodstained altar of Trog.
  1990 | D:3      | Reached XP level 5. HP: 34/34 MP: 5/5
  2194 | D:3      | Reached skill level 6 in Stealth
  2203 | D:3      | Found a glowing drain.
  2207 | Sewer    | Entered a sewer
  2261 | Sewer    | Noticed a big kobold
  2270 | Sewer    | Killed a big kobold
  2270 | Sewer    | Reached skill level 7 in Stealth
  2270 | Sewer    | Reached XP level 6. HP: 27/39 MP: 6/6
  2315 | Sewer    | Found a white marble altar of Elyvilon.
  2441 | D:4      | Found a glowing silver altar of Zin.
  2449 | D:4      | Noticed an angel
  2454 | D:4      | Found a shimmering altar of Xom.
  2873 | D:4      | Reached skill level 8 in Stealth
  2873 | D:4      | Reached XP level 7. HP: 31/45 MP: 7/7
  2961 | D:4      | Found a stormy altar of Qazlal.
  3002 | D:4      | Slain by an ogre

Vault maps used:
D:1:      erik_arrival_triangle_medium
D:3:      gup_sewer_entry_spiral, trog_hazing_becter
D:4:      grunt_temple_overflow_order_and_chaos_1, first_bread, dk_vineyard_1,
          grunt_qazlal_sundering
Sewer:    sewer_kobolds

Skill      XL: |  1  2  3  4  5  6 |
---------------+-------------------+-----
Stealth        | 2 3 4 5 7 8 |  8.3
Long Blades    | 4 |  4.9
Fighting       | |  2.0
Throwing       | |  2.0
Dodging        | |  3.0

Action                   |  1- 3 |  4- 6 |  7- 9 || total
-------------------------+-------+-------+-------++-------
Melee: Long sword        |    53 |   131 |     6 ||   190
       Constrict         |    12 |    34 |     1 ||    47
       Tentacles         |     5 |    23 |     4 ||    32
Throw: Throwing net      |       |       |     1 ||     1
  Use: Scroll            |       |     6 |     1 ||     7
       Potion            |       |     9 |       ||     9
 Stab: Sleeping          |    10 |    21 |       ||    31
       Held in net/web   |       |       |     1 ||     1
  Eat: Chunk             |       |     5 |       ||     5
       Bread ration      |       |     1 |       ||     1
Armor: Skin              |     1 |    41 |       ||    42
Dodge: Dodged            |    24 |    68 |     1 ||    93
